Map: Lerilak Crest

Players

LilDicky - Winner!

  • Race: Terran Terran
  • League: Diamond

trez

  • Race: Terran Terran
  • League: Diamond

VOD

http://www.twitch.tv/tumescentpie

Description

Time

  • Played on: Nov. 26, 2015, 5:01 p.m.
  • Length: 7:36
Show
View Real Time Build Order
Export as new Build Order

LilDicky Terran - Winner!

Build Orders: 1/1/1 

Get SALT Encoding   

  12  0:02  SCV  
  13  0:14  SCV  
  13  0:18  Supply Depot  
  14  0:27  SCV  
  15  0:31  Refinery  
  15  0:40  SCV  
  16  0:46  Barracks  
  16  0:52  SCV  
  17  1:04  SCV  
  18  1:12  Refinery  
  18  1:23  SCV  
  19  1:34  Marine  
  19  1:35  Supply Depot  
  19  1:39  Factory  
  21  1:47  Orbital Command  
  21  1:52  Marine  
  20  2:15  Reaper  
  21  2:21  SCV  
  22  2:23  Factory Tech Lab  
  22  2:25  Starport  
  22  2:33  SCV  
  23  2:38  Supply Depot  
  23  2:45  SCV  
  23  2:49  Marine  
  25  2:54  Widow Mine  
  25  2:58  SCV  
  28  3:10  SCV  
  32  3:15  Marine  
  33  3:22  SCV  
  31  3:33  Marine  
  32  3:36  Siege Tank, Medivac  
  38  3:42  Supply Depot  
  37  3:51  Command Center, Marine  
  38  4:00  SCV  
  39  4:08  Siege Tank, Starport Tech Lab  
  39  4:09  Marine  
  43  4:31  SCV  
  43  4:40  Siege Tank  
  46  4:48  SCV  
  47  5:02  Banshee  
  50  5:12  Siege Tank  
  50  5:35  Marine  
  45  5:39  Orbital Command  
  45  5:41  SCV  
  46  5:44  Siege Tank  
  46  5:45  Banshee  
  46  5:46  Barracks  
  46  5:47  Barracks x2  
  46  5:49  Supply Depot  
  52  5:53  SCV, Marine  
  51  6:05  SCV  
  52  6:14  Marine  
  52  6:16  Siege Tank  
  56  6:21  SCV  
  56  6:23  SCV  
  58  6:28  Banshee  
  58  6:32  Marine  
  59  6:53  Marine x2  
  59  6:54  Marine x2  
  63  7:11  Marine x2  
  70  7:34  Refinery  
  70  7:35  Supply Depot x2  
  70  7:36  Refinery  
Show
View Real Time Build Order
Export as new Build Order

trez Terran 

Build Orders: Reaper Expand 

Get SALT Encoding   

  12  0:01  SCV  
  13  0:13  SCV  
  14  0:18  Supply Depot  
  14  0:25  SCV  
  15  0:40  SCV  
  16  0:43  Barracks  
  16  0:48  Refinery  
  16  0:52  SCV  
  17  1:04  SCV  
  18  1:16  SCV  
  19  1:30  Orbital Command  
  19  1:33  Reaper  
  20  1:47  Command Center  
  20  2:06  SCV  
  21  2:10  Supply Depot  
  21  2:16  Reaper  
  21  2:19  SCV  
  21  2:21  Refinery  
  23  2:32  SCV  
  23  2:35  Factory  
  24  2:38  Barracks  
  24  2:46  SCV  
  25  2:58  Barracks Tech Lab  
  25  2:59  Orbital Command  
  25  3:03  SCV  
  26  3:14  Engineering Bay  
  26  3:16  SCV  
  27  3:27  Marine  
  27  3:29  SCV  
  27  3:30  Barracks Tech Lab  
  27  3:33  Cyclone  
  32  3:34  SCV  
  33  3:41  SCV  
  33  3:43  Missile Turret  
  33  3:48  Missile Turret  
  34  3:51  SCV  
  34  3:54  SCV  
  36  3:58  Stimpack  
  36  4:00  Barracks Reactor  
  36  4:10  Cyclone  
  38  4:19  SCV x2  
  40  4:35  SCV  
  41  4:40  Starport  
  39  4:46  Marine x3  
  39  4:48  Hellion  
  40  5:16  Marine  
  40  5:17  Marine  
  40  5:18  Siege Tank  
  45  5:26  Liberator  
  43  5:32  Marine  
  43  5:33  Orbital Command  
  43  5:34  Marine  
  37  5:42  Marine  
  41  5:51  Supply Depot  
  41  5:53  Supply Depot  
  41  5:55  Barracks  
  35  6:07  Siege Tank  
  35  6:10  Marine x3  
  36  6:28  Marine  
  34  6:49  Marine x2  
  34  6:50  Siege Tank  
  34  6:54  Marine  
  40  6:58  SCV  
  44  7:07  Marine x2  
Tags
 
Add a new tag
Caveats
  • Supply blocks, unpowered buildings, or Contaminate may cause inaccurate times.
  • Supply counts are checked every 10 seconds.